 Seeded DCSS version 0.29-a0-360-g8ed1089bbe (webtiles) character file.

Game seed: 3202661867537766148 (custom seed)

11 zeratav the Shooter (level 2, 17/17 HPs)
             Began as a Tengu Hunter on Apr 28, 2022.
             Quit the game on level 1 of the Dungeon.
             The game lasted 00:00:36 (284 turns).

zeratav the Shooter (Tengu Hunter)                   Turns: 284, Time: 00:00:37

Health: 17/17      AC:  3    Str: 11    XL:     2   Next: 25%
Magic:  3/3        EV: 12    Int:  9    God:
Gold:   13         SH:  0    Dex: 17    Spells: 1/1 levels left

rFire   . . .      SeeInvis .   a - +1 shortbow {bow}
rCold   . . .      Faith    .   (shield currently unavailable)
rNeg    . . .      Spirit   .   b - +0 leather armour
rPois   .          Reflect  .   (helmet restricted)
rElec   .          Harm     .   (no cloak)
rCorr   .          Rampage  .   (no gloves)
Will    .....                   (boots unavailable)
Stlth   ++........              (no amulet)
HPRegen 0.05/turn               (no ring)
MPRegen 0.08/turn               (no ring)

@: no status effects
A: beak, talons 3
a: no special abilities


You were on level 1 of the Dungeon.
You visited 1 branch of the dungeon, and saw 1 of its levels.

You collected 13 gold pieces.


Innate Abilities, Weirdness & Mutations

You have a beak for a mouth.
You have claws for feet.


   Skills:
 - Level 2.0 Fighting
 + Level 5.0 Bows
 - Level 2.1 Dodging
 - Level 1.0 Stealth


You had one spell level left.
You didn't know any spells.
Your spell library was empty.

Inventory:

Hand Weapons
 a - a +1 shortbow (weapon) {bow}
Armour
 b - a +0 leather armour (worn)
Scrolls
 c - a scroll of immolation {!r!r}
 d - a scroll of identify {unknown}
 e - a scroll of teleportation {unknown}
 g - a scroll of acquirement
Potions
 f - 3 potions of might {unknown}

Dungeon Overview and Level Annotations

Branches:
Dungeon (1/15)

Altars:

..#.##..........#.#
..#.##....#....#.##
..#.##..#####..##>#
..#'##.############
................#
.......########.#
.......# #.#######
.......# #.......#
....##.# #.@##.###
.#..##.# #..##...#
....#### #..##.###
.#.## #..##.# .#.#
#..#### .#.# #..#
.#.# #..# .#.# #).#
...#


There were no monsters in sight!


Message History

The arrow closely misses the giant cockroach.
You shoot an arrow. The arrow hits the giant cockroach.
You kill the giant cockroach!
No target in view!
No target in view!
A goblin comes into view. It is wielding a +0 club.
The goblin shouts!
You see here a scroll labelled REBUOL KEMEE.
A goblin is nearby!
You shoot an arrow. The arrow closely misses the goblin.
You shoot an arrow. The arrow hits the goblin.
You shoot an arrow. The arrow hits the goblin.
You kill the goblin!
No target in view!
e - a scroll labelled REBUOL KEMEE
Found a stone staircase leading down.
Found a stone staircase leading down.
A bat, a jackal and a hobgoblin come into view.
The hobgoblin shouts!
You hear an angry hiss.
You hear a bark!
The jackal moves out of view.
The hobgoblin moves out of view.
You shoot an arrow. The arrow hits the bat.
You kill the bat!
No target in view!
A frilled lizard comes into view.
You see here a bat corpse.
You shoot an arrow. The arrow hits the hobgoblin.
You shoot an arrow.
The arrow hits the hobgoblin but does no damage.
The hobgoblin hits you but does no damage.
The frilled lizard barely misses you. The hobgoblin barely misses you.
You shoot an arrow. The arrow hits the hobgoblin.
A jackal comes into view.
The hobgoblin hits you. The frilled lizard barely misses you.
HP[-1]
You take 1 damage, and now have 11/12 hp.
You shoot an arrow. The arrow closely misses the hobgoblin.
The jackal barks!
You hear a bark!
The hobgoblin misses you. The frilled lizard bites you.
HP[-1]
You take 1 damage, and now have 10/12 hp.
You shoot an arrow. The arrow hits the hobgoblin.
You kill the hobgoblin!
A jackal comes into view.
The frilled lizard closely misses you. The jackal barely misses you.
You shoot an arrow. The arrow hits the jackal!
You kill the jackal!
The frilled lizard bites you but does no damage.
The frilled lizard bites you. The jackal barely misses you.
HP[-2]
You take 2 damage, and now have 8/12 hp.
You are too injured to fight recklessly!
You are too injured to fight recklessly!
You are too injured to fight recklessly!
Shoot: a) +1 shortbow {bow}
Press: ? - help, Shift-Dir - straight line, f - jackal
Aim: a jackal (58% to hit)
You shoot an arrow. The arrow closely misses the jackal.
The arrow hits the frilled lizard!
You kill the frilled lizard!
The jackal misses you. The jackal closely misses you.
You have reached level 2!
HP[+3] MP[+1]
You now have 17 max hp (+5).
You regained 3 hp, and now have 11/17 hp.
Your mp is fully restored (3).
Shoot: a) +1 shortbow {bow}
Press: ? - help, Shift-Dir - straight line, f/p - jackal
Aim: a jackal (58% to hit)
You shoot an arrow. The arrow hits the jackal.
The jackal closely misses you.
Shoot: a) +1 shortbow {bow}
Press: ? - help, Shift-Dir - straight line, f/p - jackal
Aim: a jackal (heavily wounded, 58% to hit)
You shoot an arrow. The arrow hits the jackal.
You kill the jackal!
The jackal closely misses you.
Shoot: a) +1 shortbow {bow}
Press: ? - help, Shift-Dir - straight line, f - jackal
Aim: a jackal (58% to hit)
You shoot an arrow. The arrow hits the jackal!
You kill the jackal!
Shoot: a) +1 shortbow {bow}
Press: ? - help, Shift-Dir - straight line, f - you That would be overly suicidal.
Unknown command.
Things that are here:
a jackal corpse; a bat corpse; HP[+6]
Your hp is fully restored (17).
Things that are here:
a jackal corpse; a hobgoblin corpse
f - 2 fuming coppery potions
f - 3 fuming coppery potions (gained 1)
g - a scroll labelled AMOTIU KURUYMP You open the door.
There is an open door here.
A goblin comes into view. It is wielding a +3 dagger.
You shoot an arrow. The arrow hits the goblin!
You kill the goblin!
Your Bows skill increases to level 5!
This is a scroll of acquirement!
Are you sure you want to abandon this character and quit the game? (Confirm with "yes".)

Skill      XL: |  1  2 |
---------------+-------+-----
Bows           | 5 |  5.0
Fighting       | |  2.0
Dodging        | |  2.1
Stealth        | |  1.0

Action                   || total
-------------------------++-------
 Fire: Shortbow          ||    18
Armor: Leather armour    ||     2
Dodge: Dodged            ||    11

Levels and vault maps discovered:
D:1:      minmay_arrival_jagged, layout_basic, minmay_tetromino_i2

Notes
Turn   | Place    | Note
-------+----------+-------------------------------------------
     0 | D:1      | zeratav the Tengu Hunter began the quest for the Orb.
     0 | D:1      | Reached XP level 1. HP: 12/12 MP: 2/2
     3 | D:1      | magus.rc [v1.9.6]
   103 | D:1      | Reached XP level 2. HP: 11/17 MP: 3/3
   284 | D:1      | Reached skill level 5 in Bows
   284 | D:1      | Identified a scroll of acquirement
   284 | D:1      | Quit the game

Vanquished Creatures
  A giant cockroach (D:1)
  2 goblins (D:1)
  A hobgoblin (D:1)
  3 jackals (D:1)
  A bat (D:1)
  A frilled lizard (D:1)
9 creatures vanquished.

Table legend:
 A = Non-vault XP
 B = Vault XP
 C = Vault XP percentage of total XP
 D = Non-vault monster count
 E = Vault monster count
 F = Vault count percentage of total count
                 A         B        C        D         E       F
            +---------+---------+-------+---------+---------+-------
      Total |      14 |       2 |  12.5 |       7 |       2 |  22.2
            +---------+---------+-------+---------+---------+-------
        D:1 |      14 |       2 |  12.5 |       7 |       2 |  22.2
            +---------+---------+-------+---------+---------+-------

Illustrated notes

Table legend:
 A = Kills in this place as a percentage of kills in entire the game.
 B = Kills by you in this place as a percentage of kills by you in the entire game.
 C = Kills by friends in this place as a percentage of kills by friends in the entire game.
 D = Other kills in this place as a percentage of other kills in the entire game.
 E = Experience gained in this place as a percentage of experience gained in the entire game.
 F = Experience gained in this place divided by the number of levels of this place that you have seen.
                   A       B       C       D       E      F
               +-------+-------+-------+-------+-------+----------------------
         Total | 100.0 | 100.0 |   N/A |   N/A | 100.0 |  16.0
       Dungeon | 100.0 | 100.0 |   N/A |   N/A | 100.0 |  16.0
               +-------+-------+-------+-------+-------+----------------------

Table legend: (Time is in decaauts)
 A = Elapsed time spent in this place.
 B = Non-inter-level travel time spent in this place.
 C = Inter-level travel time spent in this place.
 D = Time resting spent in this place.
 E = Time spent auto-exploring this place.
 F = Levels seen in this place.
 G = Mean time per level.
                   A        B        C        D        E       F      G
               +--------+--------+--------+--------+--------+-----+--------+
         Total |    289 |    263 |     26 |      0 |    227 |   1 |  289.0 |
       Dungeon |    289 |    263 |     26 |      0 |    227 |   1 |  289.0 |
               +--------+--------+--------+--------+--------+-----+--------+

Top non-repeatable levels by time:
     D:1: 289 daAuts
